AoeStats
← Lord_Wilfredo

Pilgrims

508752678Analyzed
4v4 RM · 9d ago on Sep 23, 2026· 66m 17s· 8 players
Game mode
Random Map
Map size
Large (8 player)
Population
200
Speed
Normal
Resources
Standard
Victory
Conquest
Starting age
Dark Age
Ending age
Imperial Age
RankedLock teamsTeams togetherTeam positionsShared explorationLock speedFull tech treeHidden civsTurbo modeCheats
Victory
Defeat
🇦🇷 Chinese · Argentina
1365
+17
🇲🇽 Persians · Mexico
1346
+17
🇦🇷 Khitans · Argentina
1316
+19
🇦🇷 Spanish · Argentina
1312
+19
🇹🇼 Persians · Taiwan
1412
-19
🇭🇺 Vietnamese · Hungary
1397
-19
🇭🇰 Aztecs · Hong Kong SAR China
1374
-18
🇺🇸 Saxons · United States
1324
-16
EL MAYA
8:09 Feudal Age
8:52 Double-Bit Axe
11:24 Loom
14:37 Wheelbarrow
15:49 Wheelbarrow
19:09 Castle Age
20:30 Medium Warships
21:04 Hand Cart
21:39 Town Watch
22:18 Gold Mining
25:53 Horse Collar
26:30 Bow Saw
32:01 Scale Barding Armor
32:08 Forging
34:37 Imperial Age
34:20 Chain Barding Armor
34:15 Bloodlines
34:57 Gold Shaft Mining
36:22 Plate Barding Armor
37:32 Demolition Ship
38:09 Cavalier
39:29 Iron Casting
41:26 Heavy Warships
45:08 Town Patrol
47:16 Blast Furnace
46:43 Savar
47:26 Husbandry
49:46 Two-Man Saw
50:38 Heavy Plow
52:50 Crop Rotation
59:42 Light Cavalry
ZoonFAunlimónki
3:08 Loom
13:44 Feudal Age
14:10 Double-Bit Axe
16:27 Gold Mining
18:50 Castle Age
17:26 Stone Mining
18:02 Fletching
18:13 Padded Archer Armor
18:52 Fishing Lines
20:49 Wheelbarrow
19:59 Town Watch
20:34 Bow Saw
27:36 Ballistics
32:36 Hand Cart
39:09 Scale Mail Armor
39:20 Forging
38:48 Pikeman
39:28 Squires
43:54 Imperial Age
41:55 Leather Archer Armor
41:40 Bodkin Arrow
42:01 Chain Mail Armor
43:14 Iron Casting
43:59 Elite Chu Ko Nu
45:01 Conscription
44:24 Halberdier
45:39 Plate Mail Armor
45:57 Gold Shaft Mining
45:59 Stone Shaft Mining
46:09 Rocketry
47:26 Two-Man Saw
47:14 Bracer
47:45 Ring Archer Armor
48:23 Chemistry
47:32 Thumb Ring
48:17 Heavy Rocket Cart
49:16 Masonry
49:38 Heavy Scorpion
50:17 Capped Ram
52:51 Stone Shaft Mining
52:11 Siege Ram
52:46 Horse Collar
54:06 Iron Casting
53:36 Scale Barding Armor
53:52 Heavy Plow
58:05 Caravan
58:41 Coinage
59:12 Medium Warships
Lord_Wilfredo
3:11 Loom
10:44 Feudal Age
15:20 Castle Age
13:26 Double-Bit Axe
13:40 Fishing Lines
15:36 Gold Mining
15:37 Stone Mining
17:16 Bow Saw
16:53 Town Watch
22:03 Padded Archer Armor
24:52 Wheelbarrow
26:03 Leather Archer Armor
30:35 Imperial Age
29:07 Stone Shaft Mining
29:15 Hand Cart
29:41 Fletching
30:55 Bloodlines
30:46 Husbandry
33:32 Chemistry
32:10 Cavalier
32:50 Husbandry
33:52 Conscription
35:23 Scale Barding Armor
37:12 Ring Archer Armor
37:03 Chain Barding Armor
38:41 Forging
39:40 Ballistics
42:20 Two-Man Saw
41:19 Gillnets
42:29 Plate Barding Armor
42:29 Iron Casting
42:21 Elite Conquistador
45:42 Capped Ram
47:22 Bombard Tower
48:57 Paladin
53:37 Caravan
53:46 Caravan
57:20 Bodkin Arrow
58:26 Blast Furnace
57:26 Scale Mail Armor
66:50 Medium Warships
jj
7:42 Loom
10:24 Feudal Age
14:04 Double-Bit Axe
17:10 Wheelbarrow
26:37 Castle Age
29:17 Domestication
32:05 Pastoralism
34:28 Bow Saw
34:18 Town Watch
40:27 Imperial Age
38:07 Scale Barding Armor
39:39 Gold Mining
40:32 Chain Barding Armor
40:23 Forging
40:08 Light Cavalry
40:49 Husbandry
41:17 Ordo Cavalry
41:32 Conscription
40:45 Elite Steppe Lancer
42:14 Coinage
42:59 Hussar
45:35 Plate Barding Armor
45:02 Scale Mail Armor
44:52 Gambesons
45:10 Squires
44:56 Arson
46:15 Elite Liao Dao
48:37 Chain Mail Armor
48:58 Iron Casting
50:49 Transhumance
54:09 Plate Mail Armor
56:19 Lamellar Armor
Dusk_
4:22 Loom
10:44 Feudal Age
11:19 Double-Bit Axe
11:22 Town Watch
15:49 Castle Age
14:07 Fishing Lines
14:43 Fletching
14:54 Padded Archer Armor
16:45 Bodkin Arrow
17:14 Bow Saw
19:37 Ballistics
25:02 Medium Warships
28:24 Wheelbarrow
30:32 Scale Mail Armor
30:43 Forging
30:53 Gambesons
31:09 Squires
30:55 Arson
32:15 Hand Cart
32:21 Masonry
32:22 Stone Mining
32:23 Gold Mining
38:57 Imperial Age
37:11 Gillnets
37:18 Horse Collar
37:55 Chain Mail Armor
38:16 Iron Casting
38:59 Shield Wall
39:00 Elite Hearth Troop
40:01 Conscription
40:54 Two-Man Saw
40:58 Gold Shaft Mining
41:11 Plate Mail Armor
41:11 Heavy Plow
41:31 Elite Varangian Guard
43:55 Heavy Warships
46:54 Elite Longship
48:13 Caravan
49:58 Chemistry
49:39 Architecture
49:13 Bracer
49:29 Leather Archer Armor
52:03 Crop Rotation
52:14 Coinage
52:11 Pikeman
55:49 Banking
55:24 Halberdier
61:19 Capped Ram
64:14 Siege Ram
Uporcpine
7:32 Loom
9:53 Feudal Age
14:49 Castle Age
14:04 Double-Bit Axe
16:18 Fletching
25:00 Bow Saw
24:36 Horse Collar
25:36 Wheelbarrow
26:04 Heavy Plow
29:32 Bodkin Arrow
30:09 Padded Archer Armor
32:48 Hand Cart
37:21 Imperial Age
35:41 Leather Archer Armor
38:10 Ballistics
38:17 Bracer
41:05 Chemistry
41:09 Paper Money
44:33 Thumb Ring
43:56 Elite Skirmisher
46:12 Imperial Skirmisher
53:27 Ring Archer Armor
52:35 Pikeman
55:45 Scale Mail Armor
58:39 Squires
59:33 Elite Rattan Archer
mung bean cake
4:16 Loom
12:06 Feudal Age
16:37 Castle Age
15:19 Double-Bit Axe
15:59 Scale Barding Armor
16:23 Gold Mining
16:24 Horse Collar
17:23 Bow Saw
20:18 Heavy Plow
34:44 Imperial Age
33:46 Wheelbarrow
33:41 Fletching
33:56 Husbandry
35:06 Chain Barding Armor
34:33 Cavalier
36:50 Bloodlines
40:07 Savar
58:02 Fishing Lines
60:07 Town Watch
60:49 Gillnets
62:19 Caravan
64:44 Squires
64:05 Pikeman
65:26 Hand Cart
大庆Song
3:29 Loom
13:58 Feudal Age
17:46 Castle Age
16:05 Stone Mining
16:06 Double-Bit Axe
17:16 Horse Collar
18:30 Fletching
19:06 Bodkin Arrow
19:15 Scale Mail Armor
21:05 Gold Mining
26:52 Forging
31:25 Wheelbarrow
31:47 Heavy Plow
33:59 Chain Mail Armor
41:09 Imperial Age
40:39 Squires
41:05 Pikeman
44:58 Plate Mail Armor
45:03 Iron Casting
45:11 Arson
45:51 Hand Cart
45:22 Town Watch
45:50 Bow Saw
47:21 Iron Casting
47:23 Capped Ram
47:42 Eagle Warrior
49:58 Blast Furnace
51:57 Conscription
53:38 Garland Wars
53:22 Gambesons
53:45 Bracer
54:26 Elite Jaguar Warrior
Connection lost

Rejoining the realm…

Still unreachable

The connection could not be restored.

Session expired

The server has moved on; the page needs a fresh start.